 Dungeon Crawl Stone Soup version 0.28.0-43-g3370ac3207 (webtiles) character file.

Game seed: 3919488873126197661

44 tizbic2 the Grave Robber (level 3, -1/24 HPs)
             Began as a Formicid Necromancer on Mar 8, 2022.
             Was an Initiate of Yredelemnul.
             Killed from afar by Ijyb (2 damage)
             ... with a puff of flame
             ... on level 3 of the Dungeon.
             The game lasted 00:10:02 (2521 turns).

tizbic2 the Grave Robber (Formicid Necromancer)     Turns: 2521, Time: 00:10:02

Health: -1/24      AC:  8    Str: 14    XL:     3   Next: 85%
Magic:  0/7        EV: 10    Int: 14    God:    Yredelemnul [......]
Gold:   87         SH:  0    Dex: 11    Spells: 2/7 levels left

rFire   + . .      SeeInvis +   b - +0 dagger (speed)
rCold   + . .      Faith    .   (no shield)
rNeg    . . .      Spirit   .   a - +0 swamp dragon scales
rPois   +          Reflect  .   (helmet unavailable)
rElec   +          Harm     .   (no cloak)
rCorr   +          Rampage  .   h - +0 pair of gloves
Will    .....                   (no boots)
Stlth   +.........              (no amulet)
HPRegen 0.08/turn               (no ring)
MPRegen 0.10/turn               (no ring)

@: resistant
A: permanent stasis, dig shafts and tunnels, antennae 3, four strong arms
a: Dig, Shaft Self, Renounce Religion, Recall Undead Harvest


You were on level 3 of the Dungeon.
You worshipped Yredelemnul.
Yredelemnul was noncommittal.
You visited 1 branch of the dungeon, and saw 3 of its levels.

You collected 87 gold pieces.

Inventory:

Hand Weapons
 b - a +0 dagger of speed (weapon)
 d - a +0 club
 e - a +2 dagger of freezing
Missiles
 c - 25 stones
 m - 4 poisoned darts
Armour
 a - +0 swamp dragon scales (worn)
 h - a +0 pair of gloves (worn)
Magical Staves
 i - a staff of poison
Scrolls
 f - a scroll of fog {unknown}
 l - a scroll of amnesia {unknown}
Potions
 j - a potion of resistance
 k - a potion of might {unknown}


   Skills:
 * Level 2.2 Armour
 - Level 1.7 Dodging
 - Level 2.4 Stealth
 + Level 2.7 Spellcasting
 + Level 4.2 Necromancy
 + Level 0.7 Invocations


You had 2 spell levels left.
You knew the following spells:

 Your Spells              Type           Power      Damage    Failure   Level
a - Pain                  Necr           52%        1d6       8%          1
b - Sandblast             Erth           2%         2d4       41%         1
c - Vampiric Draining     Necr           13%        2d6       22%         3

Your spell library contained the following spells:

 Spells                   Type           Power      Damage    Failure   Level
 Animate Skeleton         Necr           26%        N/A       8%          1
 Passwall                 Tmut/Erth      0%         N/A       54%         2
 Animate Dead             Necr           6%         N/A       58%         4
 Gell's Gravitas          Tloc           1%         N/A       78%         3
 Lesser Beckoning         Tloc           1%         N/A       78%         3
 Stone Arrow              Conj/Erth      2%         3d7       78%         3
 Teleport Other           Tloc           1%         N/A       78%         3
 Agony                    Necr           13%        N/A       91%         5


Dungeon Overview and Level Annotations

Branches:
Dungeon (3/15)

Altars:
Yredelemnul

Annotations:
D:3 Ijyb


Innate Abilities, Weirdness & Mutations

You cannot be hasted, slowed, berserked, paralysed or teleported.
You can dig through walls and to a lower floor.
You have a pair of large antennae on your head. (SInv)
Your four strong arms can wield two-handed weapons with a shield.


Message History

Ijyb is severely wounded.
Ijyb zaps a wand.
The puff of flame hits you. You resist.
Your goblin zombie hits Ijyb but does no damage.
Your magical contamination has completely faded away.
You barely miss Ijyb.
Ijyb is severely wounded.
Ijyb hits you but does no damage.
You hit Ijyb but do no damage.
Ijyb is severely wounded.
Your goblin zombie hits Ijyb but does no damage.
You hit Ijyb but do no damage.
Ijyb is severely wounded.
Ijyb hits you but does no damage.
Your goblin zombie hits Ijyb but does no damage.
You closely miss Ijyb.
Ijyb is severely wounded.
Ijyb zaps a wand.
The puff of flame hits you. You resist.
* * * LOW HITPOINT WARNING * * *
You hit Ijyb but do no damage.
Ijyb is severely wounded.
You completely miss Ijyb.
Ijyb is severely wounded.
Ijyb hits you with a +4 spectral club.
* * * LOW HITPOINT WARNING * * *
Your goblin zombie misses Ijyb.
Casting: Pain (safe; 8% risk of failure)
Confirm with . or Enter, or press ? or * to list all spells.
Aiming: Pain (safe; 8% risk of failure)
Press: ? - help, Shift-Dir - straight line, f/p - Ijyb
Aim: Ijyb, wielding a +4 spectral club, wearing a +0 leather armour and carrying a wand of flame (4) (severely wounded, ally target, chance to affect: 76%) Ijyb writhes in agony.
Ijyb hits you with a +4 spectral club.
* * * LOW HITPOINT WARNING * * *
Your goblin zombie hits Ijyb but does no damage.
Ijyb zaps a wand.
The puff of flame hits your goblin zombie!
Your goblin zombie is destroyed!
You see here a +0 leather armour.
Ijyb zaps a wand.
The puff of flame hits you. You resist.
You die...
Your body rises from the dead as a mindless zombie.

#.......#
#.......#
######.##
####.#
..#.#
#.#.#
####g#.#
#..)...#
#.##@###
# #.# ..#
####


You could see Ijyb.

Vanquished Creatures
  A dart slug (D:1)
  2 ball pythons
  2 endoplasms
  4 giant cockroaches
  5 goblins
  5 bats
  2 frilled lizards
  4 kobolds
  8 rats
33 creatures vanquished.

Vanquished Creatures (collateral kills)
  A giant cockroach (D:1)
  2 hobgoblins
  A quokka (D:2)
  3 bats (D:2)
  A goblin (D:2)
8 creatures vanquished.

Vanquished Creatures (others)
  A goblin zombie (D:3)
  A spectral endoplasm (D:3)
2 creatures vanquished.

Grand Total: 43 creatures vanquished

Notes
Turn   | Place    | Note
-------+----------+-------------------------------------------
     0 | D:1      | tizbic2 the Formicid Necromancer began the quest for the
                  | Orb.
     0 | D:1      | Reached XP level 1. HP: 13/13 MP: 3/3
   415 | D:1      | Reached skill level 1 in Armour
   415 | D:1      | Reached XP level 2. HP: 16/19 MP: 1/5
   867 | D:1      | Learned a level 1 spell: Sandblast
  1107 | D:1      | Found a faded altar of an unknown god.
  1115 | D:1      | Prayed at the altar of an unknown god.
  1115 | D:1      | Became a worshipper of Yredelemnul the Dark
  1115 | D:1      | Reached * piety under Yredelemnul
  1156 | D:1      | Reached XP level 3. HP: 24/24 MP: 6/6
  1656 | D:2      | Learned a level 3 spell: Vampiric Draining
  2094 | D:2      | Reached ** piety under Yredelemnul
  2482 | D:3      | Noticed Ijyb
  2519 | D:3      | HP: 1/24 [Ijyb/+4 spectral club (1)]
  2521 | D:3      | Killed from afar by Ijyb

Illustrated notes

Levels and vault maps discovered:
D:1:      lemuel_arrival_broad_hall, layout_basic, basic_ecumenical_altar,
          hangedman_decor_clover_reticule, lemuel_another_geyser
D:2:      layout_basic
D:3:      layout_loops_cross, nicolae_ashenzari_panopticon,
          minmay_misc_feat_roman, uniq_ijyb

Skill      XL: |  1  2  3 |
---------------+----------+-----
Armour         | 1 2 |  2.2
Dodging        | |  1.7
Stealth        | |  2.4
Spellcasting   | |  2.7
Necromancy     | |  4.2
Invocations    | |  0.7

Action                   || total
-------------------------++-------
Melee: Unarmed           ||    19
       Punch             ||     3
       Dagger            ||   132
       Club              ||    14
 Cast: Pain              ||    16
       Sandblast         ||     2
       Vampiric Draining ||     2
  Use: Potion            ||     2
 Stab: Distracted        ||     1
       Sleeping          ||     1
Armor: Robe              ||    39
       Swamp dragon scal ||    10
       Leather armour    ||     3
Dodge: Dodged            ||   118
